Map: 零纪元-天梯版

Players

Kelazhur

  • Race: Terran Terran

Time (Oliveira) - Winner!

  • Race: Terran Terran

Event: WESG 2018 Grand Finals

VOD

Have the link to the VOD?

Description

Time

  • Played on: March 12, 2019, 2:15 a.m.
  • Length: 6:09

All games in this series

Show
View Real Time Build Order
Export as new Build Order

Kelazhur Terran 

Build Orders: Command Center First (CC) 

Get SALT Encoding   

  12  0:00  SCV  
  13  0:13  SCV  
  14  0:18  Supply Depot  
  14  0:25  SCV  
  15  0:39  SCV  
  16  0:51  SCV  
  17  1:00  Command Center  
  17  1:04  SCV  
  18  1:14  Barracks  
  18  1:17  SCV  
  19  1:22  Refinery  
  19  1:29  SCV  
  19  1:31  Refinery  
  20  1:41  SCV  
  21  1:53  SCV  
  23  2:01  Reaper  
  23  2:05  Orbital Command  
  23  2:13  Orbital Command  
  23  2:20  Factory  
  23  2:31  Bunker, SCV  
  23  2:34  Barracks Reactor  
  24  2:40  SCV  
  24  2:43  SCV  
  26  2:52  SCV  
  26  2:55  SCV  
  28  3:02  Supply Depot  
  28  3:04  Starport, Hellion, SCV  
  31  3:08  SCV  
  31  3:10  Marine  
  31  3:11  Marine  
  34  3:16  SCV  
  35  3:22  SCV  
  35  3:26  Factory Tech Lab  
  36  3:27  Marine  
  36  3:29  Marine  
  36  3:30  SCV  
  39  3:34  SCV, Supply Depot  
  40  3:42  SCV, Starport Tech Lab  
  40  3:45  Marine  
  40  3:47  Marine  
  43  3:50  Cyclone  
  43  3:51  SCV  
  43  3:54  SCV  
  46  4:03  Marine, Raven, SCV, Supply Depot  
  46  4:05  Marine  
  46  4:06  SCV  
  51  4:15  SCV  
  52  4:18  SCV  
  52  4:19  Command Center  
  52  4:22  Marine  
  54  4:24  Marine  
  54  4:25  Siege Tank  
  54  4:26  Supply Depot  
  54  4:28  SCV  
  54  4:30  SCV  
  60  4:33  Refinery  
  60  4:40  SCV  
  60  4:42  SCV  
  62  4:52  SCV  
  63  4:54  Raven  
  63  4:56  Barracks, Supply Depot  
  63  4:57  SCV  
  63  4:59  Barracks x2  
  66  5:04  Refinery, SCV  
  66  5:09  SCV  
  69  5:21  SCV  
  69  5:27  Supply Depot  
  68  5:28  Siege Tank  
  68  5:29  SCV  
  68  5:33  SCV  
  72  5:38  SCV  
  72  5:41  SCV  
  72  5:48  Marine  
  72  5:49  SCV  
  71  5:55  SCV  
Show
View Real Time Build Order
Export as new Build Order

Time Terran - Winner!

Build Orders: Gas First Reaper Expand, Liberator Opening 

Get SALT Encoding   

  12  0:00  SCV  
  13  0:13  SCV  
  14  0:18  Supply Depot  
  14  0:25  SCV  
  15  0:30  Refinery  
  15  0:39  SCV  
  16  0:45  Barracks  
  16  0:52  SCV  
  17  1:04  SCV  
  18  1:16  SCV  
  19  1:33  Reaper, Orbital Command  
  20  1:47  Command Center  
  20  1:59  SCV  
  21  2:04  Factory  
  22  2:11  Barracks Reactor, Refinery  
  22  2:13  SCV  
  22  2:20  Supply Depot  
  22  2:26  SCV  
  23  2:41  SCV  
  24  2:49  Starport, Marine x2  
  24  2:50  Factory Tech Lab  
  26  2:53  SCV  
  27  3:00  Orbital Command  
  27  3:05  SCV  
  27  3:07  Marine x2  
  30  3:15  Siege Tank  
  30  3:19  SCV  
  34  3:26  SCV  
  30  3:27  Medivac, Marine  
  35  3:30  Marine  
  35  3:33  SCV  
  40  3:38  Supply Depot  
  40  3:39  SCV  
  41  3:45  Marine, SCV  
  41  3:48  Marine  
  44  3:55  Liberator  
  44  4:00  Cyclone  
  44  4:02  SCV x2  
  49  4:04  Supply Depot  
  49  4:05  Marine  
  50  4:14  SCV  
  54  4:20  Supply Depot  
  54  4:25  Marine x2  
  54  4:26  SCV  
  57  4:38  Command Center  
  57  4:39  Siege Tank  
  57  4:43  Marine  
  57  4:45  SCV x2  
  63  4:48  Supply Depot  
  61  4:57  Starport Tech Lab, SCV x2  
  63  5:06  Marine  
  64  5:09  SCV x2  
  64  5:10  Refinery  
  64  5:11  Refinery  
  68  5:16  Marine  
  69  5:21  SCV x2  
  69  5:23  Marine  
  72  5:34  Marine, SCV  
  72  5:35  SCV  
  74  5:41  Marine  
  75  5:43  Barracks, Engineering Bay  
  75  5:44  Barracks  
  75  5:46  Engineering Bay, SCV  
  75  5:50  SCV  
Tags
 
Add a new tag
Caveats
  • Supply blocks, unpowered buildings, or Contaminate may cause inaccurate times.
  • Supply counts are checked every 10 seconds.